 Dungeon Crawl Stone Soup version 0.26.0-10-g1f06aea511 (webtiles) character file.

Game seed: 12490509940298597396

247 wakim the Bolt Thrower (level 5, 0/47 HPs)
             Began as a Minotaur Hunter on Jan 25, 2021.
             Was an Initiate of Okawaru.
             Slain by an orc
             ... wielding a +0 trident
              (2 damage)
             ... on level 4 of the Dungeon.
             The game lasted 00:11:57 (3319 turns).

wakim the Bolt Thrower (Minotaur Hunter)            Turns: 3319, Time: 00:11:58

Health: 0/47       AC:  9    Str: 18    XL:     5   Next: 85%
Magic:  4/4        EV:  8    Int:  8    God:    Okawaru [......]
Gold:   175        SH:  0    Dex: 10    Spells: 4/4 levels left

rFire    . . .     SeeInvis .   b - +0 flail
rCold    . . .     Faith    .   (no shield)
rNeg     . . .     Spirit   .   g - +0 chain mail (curse)
rPois    .         Reflect  .   (helmet restricted)
rElec    .         Harm     .   (no cloak)
rCorr    .         Rampage  .   (no gloves)
Will     .....                  (no boots)
Stlth    ..........             (no amulet)
HPRegen  0.15/turn              (no ring)
MPRegen  0.09/turn              (no ring)

@: slowed, very slow
A: retaliatory headbutt, horns 2
a: Renounce Religion


You were on level 4 of the Dungeon.
You worshipped Okawaru.
Okawaru was noncommittal.
You visited 2 branches of the dungeon, and saw 5 of its levels.

You collected 175 gold pieces.

Inventory:

Hand Weapons
 a - a +1 hand crossbow
 b - a +0 flail (weapon)
Missiles
 d - 45 bolts
Armour
 g - a cursed +0 chain mail (worn)
Jewellery
 q - an uncursed ring of stealth {unknown}
Scrolls
 c - 2 scrolls of immolation {unknown}
 e - 2 scrolls of remove curse {unknown}
 j - 3 scrolls of enchant armour {unknown}
 k - 2 scrolls of enchant weapon {unknown}
 l - 2 scrolls of identify
 m - a scroll of random uselessness {unknown}
 n - a scroll of teleportation {unknown}
 o - a scroll of noise {unknown}
 p - a scroll of fear {unknown}
 t - a scroll of magic mapping {unknown}
Potions
 f - a potion of resistance
 h - a potion of brilliance {unknown}
 i - 2 potions of haste {unknown}
 r - a potion of flight {unknown}
 s - a potion of magic {unknown}
 u - 2 potions of curing {unknown}
 v - a potion of degeneration {unknown}


   Skills:
 * Level 4.7 Fighting
 + Level 1.7 Maces & Flails
 + Level 5.1 Crossbows
 * Level 3.9 Armour
 + Level 2.4 Dodging
 - Level 0.7 Stealth
 + Level 0.5 Invocations


You had 4 spell levels left.
You didn't know any spells.
Your spell library was empty.

Dungeon Overview and Level Annotations

Branches:
Dungeon (4/15)             Temple (1/1) D:4

Altars:
Cheibriados
Dithmenos
Elyvilon
Fedhas
Gozag
Hepliaklqana
Makhleb
Nemelex Xobeh
Okawaru
Qazlal
Ru
Sif Muna
Trog
Uskayaw
Vehumet
Wu Jian
Xom
Yredelemnul
Zin


Innate Abilities, Weirdness & Mutations

You reflexively headbutt those who attack you in melee.
You have a pair of horns on your head.


Message History

* * * LOW HITPOINT WARNING * * *
The orc priest hits you but does no damage.
The orc hits you but does no damage.
As you read the scroll labelled ENWAN NAMMIQU, it crumbles to dust.
It is a scroll of identify.
f - a potion of resistance The orc wizard hits you but does no damage. x2
The orc priest hits you but does no damage.
The orc closely misses you. The orc wizard closely misses you.
You furiously retaliate!
You headbutt the orc wizard. You sock the orc wizard!
You kill the orc wizard!
Okawaru accepts your kill.
The orc priest hits you but does no damage.
The orc hits you from afar with a +0 trident.
* * * LOW HITPOINT WARNING * * *
The orc priest hits you.
* * * LOW HITPOINT WARNING * * *
The orc hits you from afar with a +0 trident.
You die...

#........# #........#
#........# #........#
#.########
#.###########
#...........#
###################.#
#...@ooB...... #...#
#...).####.... #.###
#.....# # #.###
#.....# ###.#..
#..)..# #.####...#.#
#.....# #......###..
#...(.# #####..#####
###.### #......# #.#
#.####.#


You could see an orc priest, an orc and a giant cockroach.

Vanquished Creatures
  2 orc priests
  3 orc wizards (D:4)
  A worker ant (D:4)
  3 adders
  4 dart slugs
  2 leopard geckos
  11 orcs
  4 bats
  3 giant cockroaches
  9 goblins
  8 hobgoblins
  8 frilled lizards
  9 kobolds
  A leopard gecko skeleton (D:4)
  5 rats
73 creatures vanquished.

Notes
Turn   | Place    | Note
-------+----------+-------------------------------------------
     0 | D:1      | wakim the Minotaur Hunter began the quest for the Orb.
     0 | D:1      | Reached XP level 1. HP: 18/18 MP: 0/0
    96 | D:1      | Reached skill level 1 in Armour
   107 | D:1      | Reached XP level 2. HP: 20/25 MP: 1/1
   880 | D:2      | Reached XP level 3. HP: 26/31 MP: 2/2
   900 | D:2      | Found an ornate altar of the Wu Jian Council.
   901 | D:2      | Found a glowing silver altar of Zin.
   910 | D:2      | Found a snail-covered altar of Cheibriados.
  1023 | D:2      | Found a faded altar of an unknown god.
  1235 | D:2      | Found a shimmering altar of Xom.
  1318 | D:2      | Reached XP level 4. HP: 40/40 MP: 3/3
  1425 | D:3      | HP: 2/40 [orc priest/divine providence (14)]
  1432 | D:3      | HP: 1/40 [bat (1)]
  1974 | D:3      | Found a shadowy altar of Dithmenos.
  2382 | D:4      | Reached skill level 1 in Maces & Flails
  2437 | D:4      | Reached skill level 5 in Crossbows
  2437 | D:4      | Reached XP level 5. HP: 39/47 MP: 4/4
  2530 | D:4      | Found a staircase to the Ecumenical Temple.
  2540 | Temple   | Entered the Ecumenical Temple
  2637 | Temple   | Became a worshipper of Warmaster Okawaru
  3319 | D:4      | HP: 2/47 [orc priest (2)]
  3319 | D:4      | Slain by an orc

Illustrated notes

Levels and vault maps discovered:
D:1:      dpeg_arrival_another_circle, layout_basic
D:2:      layout_basic, chequers_temple_overflow_statue_of_worship, tgw_xom,
          chequers_ecumenical_altar_simple_redux
D:3:      layout_basic, grunt_dithmenos_smoke_and_mirrors
D:4:      layout_basic, temple_hall
Temple:   zaba_magenta_temple

Skill      XL: |  1  2  3  4 |
---------------+-------------+-----
Armour         | 1 2 3 |  3.9
Fighting       | 3 4 |  4.7
Maces & Flails | 1 |  1.7
Crossbows      | 5 |  5.1
Dodging        | |  2.4
Stealth        | |  0.7
Invocations    | |  0.5

Action                   |  1- 3 |  4- 6 || total
-------------------------+-------+-------++-------
Melee: Short sword       |    25 |       ||    25
       Spear             |    29 |       ||    29
       Headbutt          |     5 |    12 ||    17
       Flail             |    19 |    81 ||   100
 Fire: Hand crossbow     |    15 |    16 ||    31
  Use: Scroll            |       |     1 ||     1
 Stab: Distracted        |     1 |       ||     1
Armor: Chain mail        |    26 |    74 ||   100
       Leather armour    |     1 |       ||     1
Dodge: Dodged            |    34 |    33 ||    67
